[Event "Late-Titled-Tuesday-Blitz-February-13-2024"]
[Site "Chess.com"]
[Date "2024.02.13"]
[Round "9"]
[White "mightysmasher"]
[Black "Miguelito"]
[Result "0-1"]
[WhiteElo "2553"]
[BlackElo "2767"]
[TimeControl "180+1"]
[EndTime "15:42:40 PST"]
[Termination "Miguelito won by checkmate"]

1. e4 c5 2. c3 Nf6 3. e5 Nd5 4. d4 cxd4 5. cxd4 d6 6. Nf3 Nc6 7. Bc4 Nb6 8. Bb5 Bd7 9. exd6 e6 10. O-O Bxd6 11. Nc3 Ne7 12. Bxd7+ Qxd7 13. Ne5 Bxe5 14.
dxe5 Nbd5 15. Ne4 O-O 16. Qg4 Kh8 17. Ng5 h6 18. Ne4 Nf5 19. Ng3 Nxg3 20. Qxg3 Rac8 21. Qh3 Kh7 22. Qd3+ Kh8 23. Qh3 Qe7 24. Be3 Rc4 25.
Rad1 Rfc8 26. Rd3 a6 27. Rfd1 Qh4 28. Qf3 Qe4 29. Qxf7 Qxd3 30. Rf1 Nxe3 31. fxe3 Rc1 32. Rxc1 Qxe3+ 33. Qf2 Rxc1# 0-1

[Event "Late-Titled-Tuesday-Blitz-February-13-2024"]
[Site "Chess.com"]
[Date "2024.02.13"]
[Round "9"]
[White "ckgchess"]
[Black "Konavets"]
[Result "0-1"]
[WhiteElo "2868"]
[BlackElo "3022"]
[TimeControl "180+1"]
[EndTime "15:42:42 PST"]
[Termination "Konavets won by checkmate"]

1. e4 c6 2. d4 d5 3. e5 Bf5 4.
h4 h6 5. g4 Bd7 6. Nc3 c5 7. dxc5 e6 8. Be3 Nc6 9. Nf3 d4 10. Nxd4 Bxc5 11. Nxc6 Bxc6 12. Qxd8+ Rxd8 13. Rh3 Bb4 14. Bxa7 h5 15. g5 Ne7 16. a3 Bxc3+ 17. bxc3 Ng6 18. Bd4 O-O 19. Kd2 Nxe5 20. f4 Ng6 21.
Ke3 Ne7 22. Bc4 Nf5+ 23. Kd3 Rd7 24. Rd1 Bg2 25. Rh2 Bf3 26. Rf1 Bc6 27. Rd1 Bf3 28. Rf1 Bg4 29. Bb5 Rd5 30. Bc4 Rd6 31. Ke4 Rfd8 32. Bf2 Rd2 33. Bd3 f6 34. gxf6 gxf6 35.
Re1 Kf7 36. c4 Rxf2 37. Rxf2 Rd4# 0-1

[Event "Late-Titled-Tuesday-Blitz-February-13-2024"]
[Site "Chess.com"]
[Date "2024.02.13"]
[Round "9"]
[White "dretch"]
[Black "Bigfish1995"]
[Result "0-1"]
[WhiteElo "2892"]
[BlackElo "3165"]
[TimeControl "180+1"]
[EndTime "15:42:53 PST"]
[Termination "Bigfish1995 won on time"]

1. d4 Nf6 2. c4 e6 3. Nc3 Bb4 4.
Qc2 O-O 5. e4 c5 6. e5 Ne8 7. a3 Bxc3+ 8. bxc3 cxd4 9. cxd4 d6 10. Nf3 dxe5 11. dxe5 Nc6 12. Bd3 Nxe5 13. Bxh7+ Kh8 14.
Be4 Qa5+ 15. Bd2 Nxf3+ 16. gxf3 Qh5 17. Rb1 f5 18. Bd3 Bd7 19. Rxb7 Qxf3 20. Rxd7 Qxh1+ 21. Ke2 Nf6 22. Rd4 Ng4 23. c5 e5 24. Rxg4 fxg4 25.
Be3 Qxh2 26. Qc4 g3 27. c6 Rxf2+ 0-1

[Event "Late-Titled-Tuesday-Blitz-February-13-2024"]
[Site "Chess.com"]
[Date "2024.02.13"]
[Round "9"]
[White "traviscottofficial"]
[Black "lucliasco"]
[Result "0-1"]
[WhiteElo "2680"]
[BlackElo "2847"]
[TimeControl "180+1"]
[EndTime "15:43:02 PST"]
[Termination "lucliasco won by resignation"]

1. d4 Nf6 2. c4 e6 3. Nc3 d5 4. cxd5 Bb4 5. Qa4+ c6 6. Qxb4 exd5 7. Nf3 a5 8. Qb3 O-O 9. Bf4 Bf5 10. e3 b5 11.
Bxb8 Qxb8 12. Ne5 Qd6 13. Be2 a4 14. Qd1 a3 15. b3 b4 16. Na4 Rxa4 17. bxa4 c5 18. O-O Ne4 19. dxc5 Qxe5 20. Qd4 Qxd4 21. exd4 Nc3 22. Bb5 Rb8 23. Rfc1 Kf8 24. g4 Be4 25. f3 Bxf3 26. Rxc3 bxc3 27. Rc1 Bxg4 28. Rxc3 Ke7 29. Rxa3 Bf5 30. Rb3 Bc2 31. Re3+ Be4 32. Kf2 f5 33.
Rc3 g5 34. c6 Kd6 35. a5 Rxb5 36. c7 Rb2+ 37. Ke1 Rb1+ 38. Kf2 Rb2+ 39. Kg3 h5 40. Rc6+ Ke7 41. Re6+ Kd7 0-1

[Event "Late-Titled-Tuesday-Blitz-February-13-2024"]
[Site "Chess.com"]
[Date "2024.02.13"]
[Round "9"]
[White "rikchessmx"]
[Black "ritanovikova"]
[Result "1-0"]
[WhiteElo "2294"]
[BlackElo "2204"]
[TimeControl "180+1"]
[EndTime "15:43:06 PST"]
[Termination "rikchessmx won by resignation"]

1. e4 d5 2. exd5 Qxd5 3. Nc3 Qd6 4. Nf3 Nf6 5. d4 a6 6. h3 Bf5 7. Be3 e6 8. Qd2 Nc6 9. O-O-O O-O-O 10. g4 Bg6 11. Bg2 Nb4 12. Ne1 Nfd5 13. Nxd5 exd5 14. a3 Nc6 15. Bf4 Qd7 16. Nf3 f6 17. Nh4 Bf7 18. Bg3 g6 19. Rhe1 Bd6 20. Qc3 Bxg3 21. fxg3 Rhe8 22. Rf1 Qd6 23. Qf3 Re6 24. c3 Kb8 25.
Rf2 Na5 26. Rdf1 Nc4 27. Qd3 Re3 28. Qc2 Qxg3 29. Rxf6 Be8 30. R6f3 Qxh3 31. Bxh3 1-0

[Event "Late-Titled-Tuesday-Blitz-February-13-2024"]
[Site "Chess.com"]
[Date "2024.02.13"]
[Round "9"]
[White "BardArtem"]
[Black "ahmedkandiliii"]
[Result "1-0"]
[WhiteElo "2767"]
[BlackElo "2562"]
[TimeControl "180+1"]
[EndTime "15:43:07 PST"]
[Termination "BardArtem won by resignation"]

1. e4 e5 2. Nf3 Nc6 3. Bc4 Nf6 4.
d3 Be7 5. Nc3 d6 6. h3 Na5 7.
Bg5 Nxc4 8. dxc4 O-O 9. Qd2 Be6 10. Bxf6 Bxf6 11. Nd5 g6 12. O-O-O Bg7 13. h4 h5 14. Ng5 Bd7 15. Ne3 Qe7 16. c5 Bc6 17. cxd6 Qd7 18. dxc7 Qxc7 19. Nd5 Bxd5 20. Qxd5 Rfd8 21. Qb3 b6 22. a3 Qc5 23. Qxf7+ Kh8 24. Qxg6 Kg8 25. Qf7+ Kh8 26. Qxh5+ Kg8 27. Qh7+ Kf8 28. Qf5+ Kg8 29. Qe6+ Kh8 30. Rxd8+ Rxd8 31. Nf7+ Kh7 32. Nxd8 Qxf2 33. Qf5+ Qxf5 34. exf5 Bh6+ 35. Kd1 1-0

[Event "Late-Titled-Tuesday-Blitz-February-13-2024"]
[Site "Chess.com"]
[Date "2024.02.13"]
[Round "9"]
[White "SouS007"]
[Black "ArtemDyachuk"]
[Result "0-1"]
[WhiteElo "2497"]
[BlackElo "2629"]
[TimeControl "180+1"]
[EndTime "15:43:07 PST"]
[Termination "ArtemDyachuk won on time"]

1. e4 c5 2. Nf3 d6 3. d4 cxd4 4. Nxd4 Nf6 5. Nc3 a6 6. Bg5 Nbd7 7. f4 Qc7 8. Qf3 g6 9. O-O-O Bg7 10. Kb1 O-O 11. Nb3 b5 12. Bd3 Bb7 13. Qh3 b4 14.
Nd5 Nxd5 15. exd5 Nf6 16. f5 Nxd5 17. Bh6 Nf6 18. Bxg7 Kxg7 19. g4 Bxh1 20. Rxh1 d5 21. g5 Ne4 22. Qh6+ Kh8 23. Bxe4 dxe4 24. h4 Qe5 25. f6 exf6 26. gxf6 Qxf6 27. h5 Qg7 28. Qf4 g5 29. Qxe4 f5 30. Qxb4 h6 31. a3 f4 32.
Re1 f3 33. Re7 f2 34. Nd2 f1=Q+ 35. Nxf1 Rxf1+ 36. Ka2 Rf7 37. Re6 Rb7 38. Rb6 Rxb6 39. Qxb6 g4 40. Qc6 Rg8 41. Qxa6 g3 42. Qb6 g2 43.
Qg1 Qf7+ 44. b3 Qf1 45. Qd4+ Rg7 46. Qd6 g1=Q 47. Qxh6+ Kg8 48. Qe6+ Qf7 49. Qc8+ Kh7 50. h6 Kxh6 51. Qc3 Qff1 52. a4 Qb1+ 53. Ka3 Qa1+ 54. Qxa1 Qxa1+ 55. Kb4 Qd4+ 56. c4 Qd6+ 57. c5 Rg4+ 58.
Kb5 Qb8+ 59. Ka5 Rg6 0-1

[Event "Late-Titled-Tuesday-Blitz-February-13-2024"]
[Site "Chess.com"]
[Date "2024.02.13"]
[Round "9"]
[White "DeArron_Fox"]
[Black "elgrona"]
[Result "1-0"]
[WhiteElo "2515"]
[BlackElo "2325"]
[TimeControl "180+1"]
[EndTime "15:43:07 PST"]
[Termination "DeArron_Fox won on time"]

1. d4 d5 2. c4 c6 3. Nc3 Nf6 4. e3 e6 5. Nf3 Bd6 6. Bd3 O-O 7. O-O Nbd7 8. e4 dxc4 9. Bxc4 e5 10. h3 Qe7 11. Bb3 exd4 12. Nxd4 Nc5 13. Bc2 Re8 14. Re1 Bxh3 15. gxh3 Rad8 16. Nf5 Bh2+ 17. Kxh2 Qc7+ 18.
Kg2 Rxd1 19. Bxd1 Ncxe4 20. Nxe4 Nxe4 21. Bf3 Nd6 22. Bf4 Rxe1 23. Rxe1 Qa5 24. Re5 Qxe5 25. Bxe5 Nxf5 26. Bg4 Ne7 27. Bd6 1-0

[Event "Late-Titled-Tuesday-Blitz-February-13-2024"]
[Site "Chess.com"]
[Date "2024.02.13"]
[Round "9"]
[White "Zq1"]
[Black "BozeKat"]
[Result "1-0"]
[WhiteElo "2509"]
[BlackElo "2067"]
[TimeControl "180+1"]
[EndTime "15:43:08 PST"]
[Termination "Zq1 won by checkmate"]

1. d4 d5 2. c4 e6 3. Nc3 Nf6 4. Bg5 Nbd7 5. e3 c6 6. Nf3 Qa5 7. Nd2 Bb4 8. Bxf6 Nxf6 9. Qc2 Ne4 10. Ndxe4 dxe4 11. Be2 f5 12. O-O O-O 13. c5 Bxc3 14. Qxc3 Qc7 15. f3 exf3 16. Rxf3 Bd7 17. Raf1 Rae8 18. Bc4 Kh8 19. e4 b5 20. Bb3 Qc8 21. Bc2 fxe4 22. Bxe4 Rxf3 23. Qxf3 g6 24. Qf6+ Kg8 25.
Qf7+ Kh8 26. Rf4 e5 27. Rh4 h5 28. Rxh5+ gxh5 29. Qh7# 1-0

[Event "Late-Titled-Tuesday-Blitz-February-13-2024"]
[Site "Chess.com"]
[Date "2024.02.13"]
[Round "9"]
[White "kibromNNN"]
[Black "Boninknights"]
[Result "0-1"]
[WhiteElo "1816"]
[BlackElo "2367"]
[TimeControl "180+1"]
[EndTime "15:43:17 PST"]
[Termination "Boninknights won on time"]

1. d4 Nf6 2. c4 e6 3. Nc3 Bb4 4.
Qc2 c5 5. dxc5 Bxc5 6. Nf3 Nc6 7. g3 d5 8. cxd5 exd5 9. Bg2 O-O 10. O-O d4 11.
Na4 Be7 12. Rd1 Bg4 13. Nc5 Rc8 14. Bf4 Nb4 15. Qb3 Bxc5 16. e3 Bxf3 17. Bxf3 Qb6 18. a3 Nc6 19. Qxb6 Bxb6 20. exd4 Nxd4 21. Bxb7 Rc2 22.
Bd2 Ng4 23. h3 Nb3 24. Ra2 Nxf2 25. Kf1 Nxd2+ 0-1

[Event "Late-Titled-Tuesday-Blitz-February-13-2024"]
[Site "Chess.com"]
[Date "2024.02.13"]
[Round "9"]
[White "Mikhail_Golubev"]
[Black "Zhigalko_Sergei"]
[Result "0-1"]
[WhiteElo "2686"]
[BlackElo "2930"]
[TimeControl "180+1"]
[EndTime "15:43:18 PST"]
[Termination "Zhigalko_Sergei won on time"]

1. e4 c5 2. Nf3 Nc6 3. Nc3 Nf6 4.
Bb5 Qc7 5. O-O Nd4 6. Re1 a6 7. Bf1 Ng4 8. e5 h5 9. d3 e6 10.
Bf4 d6 11. Nxd4 cxd4 12. Nd5 Qc5 13. h3 Nxe5 14. Bxe5 Qxd5 15. Bh2 Bd7 16. Be2 Bc6 17. Bf3 Qc5 18. Bxc6+ Qxc6 19. c3 Be7 20. cxd4 Qd5 21.
Rc1 O-O 22. Rc7 Bf6 23. Qb3 Qxd4 24. Rxb7 Rac8 0-1

[Event "Late-Titled-Tuesday-Blitz-February-13-2024"]
[Site "Chess.com"]
[Date "2024.02.13"]
[Round "9"]
[White "Cristi_Coca"]
[Black "subham777"]
[Result "0-1"]
[WhiteElo "2382"]
[BlackElo "2537"]
[TimeControl "180+1"]
[EndTime "15:43:18 PST"]
[Termination "subham777 won by resignation"]

1. e4 e6 2. d4 d5 3. Nc3 Nf6 4. exd5 exd5 5. Nf3 c6 6. Bd3 Bd6 7. O-O O-O 8. Bg5 h6 9. Bh4 Re8 10. Re1 Rxe1+ 11. Qxe1 Nbd7 12. Ne5 Nf8 13. Ne2 Ne6 14.
c3 c5 15. Qd2 cxd4 16. cxd4 Nxd4 17. Nxd4 Bxe5 18. Nf5 Bxf5 19. Bxf5 Qb6 20. Re1 Qxb2 21. Qd3 Qd4 22. Qf3 Bxh2+ 23. Kxh2 Qxh4+ 24. Kg1 Qb4 25. Re5 Rd8 26. Bd3 Qg4 27. Qe3 Qh4 28. Qxa7 Ng4 29.
Rf5 Qh2+ 30. Kf1 Re8 0-1

[Event "Late-Titled-Tuesday-Blitz-February-13-2024"]
[Site "Chess.com"]
[Date "2024.02.13"]
[Round "9"]
[White "Canal_Showdrez"]
[Black "jinxy2009"]
[Result "1-0"]
[WhiteElo "2082"]
[BlackElo "2220"]
[TimeControl "180+1"]
[EndTime "15:43:18 PST"]
[Termination "Canal_Showdrez won by checkmate"]

1. d4 d5 2. Nf3 Nf6 3. e3 Bf5 4.
c4 e6 5. Qb3 Qc8 6. Nc3 c6 7.
Ne5 Nbd7 8. f4 Bd6 9. c5 Bc7 10. Bd2 O-O 11. Be2 Nxe5 12. fxe5 Ne4 13. Nxe4 Bxe4 14.
O-O Bd8 15. Bd3 Bxd3 16. Qxd3 Bg5 17. Rf3 b6 18. b4 a5 19. cxb6 axb4 20. Bxb4 Re8 21.
a4 Bd8 22. Raf1 Rxa4 23. Bc5 Qb7 24. Qe2 Bxb6 25. Qf2 Bxc5 26. Rxf7 Qb3 27. Rxg7+ Kxg7 28. Qf7+ Kh6 29. Rf6+ Kg5 30. Qg7+ Kh4 31. Rh6# 1-0

[Event "Late-Titled-Tuesday-Blitz-February-13-2024"]
[Site "Chess.com"]
[Date "2024.02.13"]
[Round "9"]
[White "emeli_chess"]
[Black "ChessQueen"]
[Result "0-1"]
[WhiteElo "2415"]
[BlackElo "2708"]
[TimeControl "180+1"]
[EndTime "15:43:25 PST"]
[Termination "ChessQueen won by resignation"]

1. d4 f5 2. e4 fxe4 3. Nc3 Nf6 4. Bg5 g6 5. Bc4 c6 6. d5 Bg7 7. Nge2 e6 8. d6 Qa5 9. Bd2 Qc5 10. Bb3 Qxd6 11.
Ng3 Qe5 12. O-O d5 13. f4 Qd4+ 14. Kh1 e3 15. Be1 Qxd1 16. Nxd1 d4 17. c3 c5 18. Ba4+ Bd7 19. Bxd7+ Nbxd7 20. b4 Nd5 21. bxc5 d3 22. Ne4 e2 23. Nd6+ Ke7 24. Rf3 exd1=Q 25. Rxd1 Nxc5 26. c4 Kxd6 27. cxd5 Kxd5 28. Bb4 b6 29. Bxc5 bxc5 30. Rfxd3+ Bd4 31. g3 Rab8 0-1

[Event "Late-Titled-Tuesday-Blitz-February-13-2024"]
[Site "Chess.com"]
[Date "2024.02.13"]
[Round "9"]
[White "Genghis_K"]
[Black "bazar-wokzal"]
[Result "1-0"]
[WhiteElo "2921"]
[BlackElo "2670"]
[TimeControl "180+1"]
[EndTime "15:43:31 PST"]
[Termination "Genghis_K won by resignation"]

1. e4 Nc6 2. Nf3 d5 3. exd5 Qxd5 4. Nc3 Qa5 5. d4 Bg4 6. Bd2 O-O-O 7. Nb5 Qb6 8. c4 Bxf3 9. Qxf3 Nxd4 10. Nxd4 Qxd4 11.
Bc3 Qd6 12. Qxf7 Nf6 13. Be2 e6 14. Rd1 Qe7 15. Rxd8+ Kxd8 16. Qxe7+ Bxe7 17. Bf3 c6 18. Kd2 Ke8 19. Re1 Kf7 20. Kc2 Rd8 21. b4 g5 22.
h3 h5 23. a3 g4 24. hxg4 hxg4 25. Bd1 b5 26. Bxf6 Kxf6 27. Bxg4 e5 28. c5 a5 29. Bf3 axb4 30. axb4 Rd4 31. Re4 Rd8 32. Rg4 Rc8 33. Be4 Kf7 34. Rg6 Bf6 35. Rh6 Ra8 36. Kb3 Ra6 37. g4 Kg7 38. Rh7+ Kg8 39. Rc7 1-0

[Event "Late-Titled-Tuesday-Blitz-February-13-2024"]
[Site "Chess.com"]
[Date "2024.02.13"]
[Round "9"]
[White "GMRAVEN_ON_YOUTUBE"]
[Black "IMRosen"]
[Result "1-0"]
[WhiteElo "2777"]
[BlackElo "2629"]
[TimeControl "180+1"]
[EndTime "15:43:31 PST"]
[Termination "GMRAVEN_ON_YOUTUBE won on time"]

1. f4 d5 2. Nf3 g6 3. e3 Bg7 4. c4 Nf6 5. cxd5 Nxd5 6. d4 O-O 7. e4 Nb6 8. Nc3 Bg4 9. Be3 Nc6 10. d5 Na5 11. Bd4 Bxf3 12. gxf3 Nac4 13. Bxc4 Nxc4 14. Bxg7 Nxb2 15. Qd4 e5 16. Bxe5 f6 17. O-O fxe5 18. fxe5 Qg5+ 19. Kh1 Rf4 20. Rf2 Raf8 21. Rxb2 Rxf3 22.
Rg1 Qh4 23. Rbg2 Qh3 24. Ne2 Rf1 25. e6 R8f2 26. Rxf2 Rxg1+ 27. Nxg1 1-0

[Event "Late-Titled-Tuesday-Blitz-February-13-2024"]
[Site "Chess.com"]
[Date "2024.02.13"]
[Round "9"]
[White "Alex_Sahakyan2006"]
[Black "Msb2"]
[Result "0-1"]
[WhiteElo "2867"]
[BlackElo "3015"]
[TimeControl "180+1"]
[EndTime "15:43:34 PST"]
[Termination "Msb2 won on time"]

1. d4 d5 2. c4 e6 3. Nf3 Nf6 4. Nc3 Bb4 5. Bg5 h6 6. Bxf6 Qxf6 7. e3 c5 8. cxd5 exd5 9. Rc1 c4 10.
Be2 O-O 11. O-O Bxc3 12. bxc3 Nc6 13. Nd2 b5 14. Bf3 Rd8 15. e4 Be6 16. Rb1 Rab8 17. a4 a6 18. axb5 axb5 19. Re1 Qg6 20. exd5 Bxd5 21.
Bxd5 Rxd5 22. Nxc4 bxc4 23. Rxb8+ Nxb8 24. Re8+ Kh7 25. Rxb8 Ra5 26. h3 Qd3 27. Qe1 Ra2 28. Qe8 Ra1+ 29.
Kh2 Qf5 30. Qg8+ Kg6 31. Rb6+ f6 32. Qe8+ Kh7 33. Qe3 Rd1 34. Rb7 Rd3 35. Qe2 Rxc3 36. g3 Rc2 0-1

[Event "Late-Titled-Tuesday-Blitz-February-13-2024"]
[Site "Chess.com"]
[Date "2024.02.13"]
[Round "9"]
[White "Viktor_Poddubnyi"]
[Black "ChadBiryani"]
[Result "0-1"]
[WhiteElo "2282"]
[BlackElo "2454"]
[TimeControl "180+1"]
[EndTime "15:43:36 PST"]
[Termination "ChadBiryani won on time"]

1. e4 c5 2. Nf3 d6 3. d4 cxd4 4.
Nxd4 Nf6 5. Nc3 g6 6. Be3 a6 7. f3 b5 8. Qd2 h5 9. O-O-O Nbd7 10. Kb1 Qc7 11. Be2 Bb7 12. Nb3 Bg7 13. h3 Ne5 14. g4 Nc4 15. Bxc4 bxc4 16. Nd4 Rb8 17. Ka1 Nd7 18. Rb1 Nc5 19. Nd5 Bxd5 20. exd5 Na4 21.
c3 Nc5 22. Nc6 Rb5 23. Bxc5 Rxc5 24. Rhe1 e6 25. Rbd1 O-O 0-1

[Event "Late-Titled-Tuesday-Blitz-February-13-2024"]
[Site "Chess.com"]
[Date "2024.02.13"]
[Round "9"]
[White "KaydenTroffChess"]
[Black "GoldenShare"]
[Result "1-0"]
[WhiteElo "2824"]
[BlackElo "2555"]
[TimeControl "180+1"]
[EndTime "15:43:38 PST"]
[Termination "KaydenTroffChess won by resignation"]

1. d4 d5 2. Nf3 Nf6 3. Bf4 c5 4. e3 Nc6 5. Nc3 a6 6. dxc5 e6 7. Na4 Bxc5 8. Nxc5 Qa5+ 9. c3 Qxc5 10. Bd3 O-O 11.
O-O Qe7 12. Ne5 Nxe5 13. Bxe5 Nd7 14. Bg3 b6 15. e4 Bb7 16. Re1 dxe4 17. Bxe4 Bxe4 18.
Rxe4 Nc5 19. Bd6 Qb7 20. Rd4 Rfc8 21. Qg4 f5 22. Qe2 Qf7 23. Rad1 h6 24. Be5 Ra7 25. Rd6 b5 26. f3 Rd7 27. Qe3 Rxd6 28. Rxd6 Na4 29.
Rxa6 Nxb2 30. Ra7 Nc4 31. Qd4 Nxe5 32. Rxf7 Nxf7 33. Qd7 Rxc3 34. Qe8+ 1-0

[Event "Late-Titled-Tuesday-Blitz-February-13-2024"]
[Site "Chess.com"]
[Date "2024.02.13"]
[Round "9"]
[White "FredddieCroderg"]
[Black "amiqu"]
[Result "1-0"]
[WhiteElo "2280"]
[BlackElo "2146"]
[TimeControl "180+1"]
[EndTime "15:43:38 PST"]
[Termination "FredddieCroderg won on time"]

1. e4 e5 2. Bc4 Nf6 3. Qf3 Nc6 4.
c3 d6 5. h3 Be6 6. d3 Qd7 7.
g4 h6 8. Ne2 d5 9. Bb3 O-O-O 10. Nd2 Bc5 11. Ng3 dxe4 12. dxe4 Qd3 13. Qxd3 Rxd3 14.
Nf5 g6 15. Bxe6+ fxe6 16. Ne3 Bxe3 17. fxe3 Rxe3+ 18. Kf2 Rd3 19. Ke2 Rd7 20. Rf1 Ne8 21. Nc4 Nd6 22. Nxd6+ cxd6 23. Rf6 h5 24. g5 d5 25. Bd2 dxe4 26. Raf1 Rg8 27. Rf8+ Rxf8 28. Rxf8+ Kc7 29. Rf6 Rd3 30. Be3 1-0

[Event "Late-Titled-Tuesday-Blitz-February-13-2024"]
[Site "Chess.com"]
[Date "2024.02.13"]
[Round "9"]
[White "rdarruda"]
[Black "Teidi96"]
[Result "1-0"]
[WhiteElo "2510"]
[BlackElo "2281"]
[TimeControl "180+1"]
[EndTime "15:43:41 PST"]
[Termination "rdarruda won by resignation"]

1. d4 d5 2. Nf3 Nf6 3. c4 dxc4 4. e3 e6 5. Bxc4 a6 6. O-O b5 7. Bb3 Bb7 8. a4 b4 9. Nbd2 c5 10. Qe2 Nbd7 11. Rd1 Qb8 12. e4 cxd4 13. e5 Nd5 14. Nc4 Be7 15. Rxd4 O-O 16. Rg4 Rd8 17. Bh6 Bf8 18. Nd6 g6 19. Bxf8 Rxf8 20. h4 Rd8 21. h5 Nxe5 22. Nxe5 Qxd6 23. hxg6 hxg6 24. Nxg6 fxg6 25.
Rxg6+ Kf7 26. Qh5 Rh8 27. Rh6+ Ke7 28. Rxh8 Rxh8 29. Qxh8 Bc6 30. Re1 Nf4 31. Qe5 Qxe5 32. Rxe5 Kd6 33. Rg5 Ne2+ 34. Kf1 Nd4 35. Bd1 e5 36. b3 Bd5 37. Rg6+ Kc5 38. Rxa6 Nxb3 39. Bxb3 Bxb3 40. Ra5+ Kd4 41. Ke2 Bc4+ 42. Kd2 b3 43. Ra8 e4 44. Rd8+ Kc5 45. Kc3 Ba6 1-0

[Event "Late-Titled-Tuesday-Blitz-February-13-2024"]
[Site "Chess.com"]
[Date "2024.02.13"]
[Round "9"]
[White "nindjaxx8"]
[Black "Supelyel"]
[Result "1-0"]
[WhiteElo "2568"]
[BlackElo "2425"]
[TimeControl "180+1"]
[EndTime "15:43:44 PST"]
[Termination "nindjaxx8 won by resignation"]

1. d4 d6 2. c4 Nd7 3. Nc3 e5 4. Nf3 Ngf6 5. Bg5 Be7 6. dxe5 dxe5 7. Qc2 c6 8. e3 Qc7 9. Rd1 h6 10. Bh4 a5 11. Be2 O-O 12. O-O Re8 13. Rd2 Nc5 14. Rfd1 Bg4 15. Bg3 Bxf3 16. Bxf3 Bf8 17. Qf5 Re6 18.
h3 g6 19. Qc2 Rae8 20. a3 Qb6 21. Bh4 g5 22. Bg3 Qb3 23. Qf5 Qxc4 24. Rd8 Bg7 25. Rxe8+ Nxe8 26. Rd8 Qb3 27. Bh5 Re7 28. Nd5 Qxd5 29.
Rxd5 cxd5 30. Bxf7+ Rxf7 31. Qc8 Ne4 32. Qxe8+ Rf8 33.
Qe6+ Kh7 34. Qxd5 Nf6 35. Qxe5 Ne4 36. Qxe4+ 1-0

[Event "Late-Titled-Tuesday-Blitz-February-13-2024"]
[Site "Chess.com"]
[Date "2024.02.13"]
[Round "9"]
[White "Grossboss19"]
[Black "ninguno46"]
[Result "1/2-1/2"]
[WhiteElo "2623"]
[BlackElo "2509"]
[TimeControl "180+1"]
[EndTime "15:43:46 PST"]
[Termination "Game drawn by repetition"]

1. e4 c5 2. Nf3 Nc6 3. Bb5 d6 4.
O-O Bd7 5. Re1 Nf6 6. a4 a6 7.
Bxc6 Bxc6 8. e5 dxe5 9. Nxe5 Rc8 10. d3 e6 11. Nd2 Bd6 12. Ndc4 Bxe5 13. Nxe5 b6 14. Bg5 Bb7 15. Ng4 Qd5 16. Qf3 Nxg4 17. Qxg4 h5 18. Qe4 Qxe4 19. dxe4 f6 20. Bd2 a5 21. f3 e5 22. c3 Kd7 23. b4 axb4 24. cxb4 c4 25. Red1 Ke6 26. Bc3 Rhd8 27. Kf2 Rd3 28.
Rac1 Ra8 29. a5 Rxd1 30. Rxd1 b5 31. Ke3 Ke7 32. f4 exf4+ 33. Kxf4 g5+ 34. Ke3 Ke6 35. Rf1 Rf8 36. Rf5 Bc6 37. Rc5 Kd7 38. Rf5 Re8 39.
Rxf6 Rxe4+ 40. Kd2 Rg4 41. Rf2 Rxg2 42. Rxg2 Bxg2 43.
Ke3 h4 44. Bf6 h3 45. Bxg5 Kc8 46. Kd4 Kb7 47. Kc5 Ka6 48. Bf6 Bf1 49. Be5 Bg2 50. Bc3 Bf1 51. Kd4 Bg2 52. Ke3 Bf1 53. Kf2 Bg2 54. Kg3 Bf1 55. Kf3 Bg2+ 56. Kf2 Bd5 57.
Bd4 Bg2 58. Bc3 Bd5 59. Ke3 Bg2 60. Kf4 Bh1 61. Ke5 Bg2 62. Kf6 Bf1 63. Kg5 Bg2 64.
Kh4 Bf1 65. Kg3 Bg2 66. Kf2 1/2-1/2

[Event "Late-Titled-Tuesday-Blitz-February-13-2024"]
[Site "Chess.com"]
[Date "2024.02.13"]
[Round "9"]
[White "picturesquecheck"]
[Black "lluiss"]
[Result "1-0"]
[WhiteElo "2403"]
[BlackElo "2166"]
[TimeControl "180+1"]
[EndTime "15:43:47 PST"]
[Termination "picturesquecheck won by resignation"]

1. e3 e5 2. d4 e4 3. c4 Nf6 4. Nc3 Bb4 5. Bd2 a5 6. a3 Bxc3 7. Bxc3 a4 8. Ne2 O-O 9. Ng3 d5 10. Bb4 Re8 11. Be2 c6 12. c5 Na6 13.
O-O Nc7 14. Qd2 Qe7 15. Bd1 Bg4 16. Bc2 h5 17. h3 Bd7 18. Qd1 g6 19. Bxa4 h4 20. Nh1 Ne6 21. Bc2 Ng5 22. Qd2 Bf5 23. Bd1 Qe6 24. f4 exf3 25. Bxf3 Qxe3+ 26. Qxe3 Rxe3 27. Bd2 Nxf3+ 28. Rxf3 Re2 29. Rf2 Rae8 30. Bg5 Rxf2 31. Nxf2 Ne4 32. Bxh4 Nxf2 33. Kxf2 Kg7 34. Re1 Re2+ 35. Rxe2 1-0

[Event "Late-Titled-Tuesday-Blitz-February-13-2024"]
[Site "Chess.com"]
[Date "2024.02.13"]
[Round "9"]
[White "Qingdom"]
[Black "PepeCuenca"]
[Result "1-0"]
[WhiteElo "2244"]
[BlackElo "2634"]
[TimeControl "180+1"]
[EndTime "15:43:48 PST"]
[Termination "Qingdom won by checkmate"]

1. d4 Nf6 2. Bg5 d5 3. Bxf6 exf6 4. e3 f5 5. g3 Bd6 6. Bg2 c6 7. Ne2 O-O 8. O-O Nd7 9. Nd2 Nf6 10. b3 g6 11. c4 dxc4 12. bxc4 Re8 13. Qc2 Qc7 14. a4 a5 15. Rab1 Bb4 16. Nc1 Be6 17. Nf3 Ne4 18.
Nd3 Bf8 19. c5 h5 20. Nf4 Bh6 21. Nxe6 Rxe6 22. Ne5 Bg7 23. Bxe4 fxe4 24. Nc4 h4 25. Rb6 Re7 26. Rfb1 Qc8 27. Qe2 Ra7 28. Nd6 Qe6 29.
Nxb7 Rc7 30. Nd6 Bf8 31. Nc4 Kg7 32. Ne5 Be7 33. Qc4 Qh3 34. Qxf7+ Kh6 35. Qxg6# 1-0

[Event "Late-Titled-Tuesday-Blitz-February-13-2024"]
[Site "Chess.com"]
[Date "2024.02.13"]
[Round "9"]
[White "Felix-Rose"]
[Black "Tolya2"]
[Result "0-1"]
[WhiteElo "2241"]
[BlackElo "2491"]
[TimeControl "180+1"]
[EndTime "15:43:48 PST"]
[Termination "Tolya2 won by resignation"]

1. e4 c5 2. Nf3 d6 3. d4 cxd4 4.
Nxd4 Nf6 5. Nc3 a6 6. Be3 e6 7. f3 h5 8. Qd2 b5 9. a4 b4 10. Nd1 d5 11. e5 Nfd7 12. f4 g6 13. a5 Bb7 14. Nf2 Nc6 15. Nxc6 Bxc6 16. Nd3 Qb8 17. Be2 Be7 18. O-O Bb5 19. Bf3 Bxd3 20. Qxd3 Nc5 21.
Bxc5 Bxc5+ 22. Kh1 Qc7 23. c4 bxc3 24. bxc3 Ra7 25.
c4 d4 26. Rab1 O-O 27. f5 exf5 28. e6 fxe6 29. Rfe1 e5 30. Bd5+ Kg7 31. Qg3 e4 32.
Qg5 Be7 33. Qd2 d3 34. Rb6 Bc5 35. Rc6 Qe7 36. Re6 Qh4 37. Qb2+ Kh6 38. g3 Qg5 39. Rf1 e3 40. Kg1 e2+ 0-1

[Event "Late-Titled-Tuesday-Blitz-February-13-2024"]
[Site "Chess.com"]
[Date "2024.02.13"]
[Round "9"]
[White "FairChess_on_YouTube"]
[Black "VitaliyBernadskiy"]
[Result "0-1"]
[WhiteElo "3062"]
[BlackElo "2903"]
[TimeControl "180+1"]
[EndTime "15:43:49 PST"]
[Termination "VitaliyBernadskiy won by checkmate"]

1. e4 e6 2. d4 d5 3. Nc3 Nf6 4. e5 Nfd7 5. f4 c5 6. Nf3 Nc6 7. Be3 Rb8 8. Qd2 Qa5 9. Be2 b5 10. O-O b4 11. Nd1 cxd4 12. Nxd4 Nxd4 13. Bxd4 Bc5 14.
Kh1 Bxd4 15. Qxd4 Qc5 16. Qd2 O-O 17. Ne3 a5 18. Rf3 f6 19. exf6 Nxf6 20. Bd3 Ne4 21. Bxe4 dxe4 22. Rg3 Qc7 23. Rd1 Qxf4 24. Qd4 Rb7 25.
Qc5 Rc7 26. Qxa5 Rd7 27. Re1 Qf2 28. Rg1 Rdf7 29. Qxb4 Ba6 30. Qxe4 Qxg1+ 31. Kxg1 Rf1+ 32. Nxf1 Rxf1# 0-1